 Dungeon Crawl Stone Soup version 0.31-a0-466-g98c9adc2b6 (webtiles) character file.

Game seed: 5771647659665238378

44 horus123 the Magician (level 3, -3/25 HPs)
             Began as a Gnoll Hedge Wizard on Aug 6, 2023.
             Slain by Sigmund
             ... wielding a +0 scythe
              (8 damage)
             ... on level 3 of the Dungeon.
             The game lasted 00:03:28 (2127 turns).

horus123 the Magician (Gnoll Hedge Wizard)          Turns: 2127, Time: 00:03:28

Health: -3/25      AC:  3    Str:  9    XL:     3   Next: 60%
Magic:  7/11       EV: 13    Int: 15    God:
Gold:   190        SH:  0    Dex: 11    Spells: 12/16 levels left

rFire   . . .        h - +2 whip (freeze)
rCold   . . .        (no shield)
rNeg    . . .        b - +0 robe
rPois   .            c - +0 hat
rElec   .            f - +0 cloak
rCorr   .            (no gloves)
SInv    .            (no boots)
Will    .....        (no amulet)
Stlth   +            (no ring)
HPRegen 0.24/turn    (no ring)
MPRegen 0.12/turn

%: no passive effects
@: confused
A: fangs 1, strong nose, distributed training
a: no special abilities


You were on level 3 of the Dungeon.
You visited 1 branch of the dungeon, and saw 3 of its levels.

You collected 190 gold pieces.

Inventory:

Hand Weapons
 a - a +0 dagger
 h - a +2 whip of freezing (weapon)
 v - a +0 scimitar
Armour
 b - a +0 robe (worn)
 c - a +0 hat (worn)
 f - a +0 cloak (worn)
 g - a +0 leather armour
 t - a +0 plate armour
Scrolls
 e - a scroll of fog {unknown}
 k - 4 scrolls of identify {unknown}
 m - a scroll of amnesia {unknown}
 n - a scroll of enchant weapon {unknown}
 o - a scroll of revelation {unknown}
 q - a scroll of poison {unknown}
 s - a scroll of fear {unknown}
Potions
 d - a potion of magic
 i - a potion of degeneration {unknown}
 j - 2 potions of curing {unknown}
 l - a potion of mutation {unknown}
 p - a potion of berserk rage {unknown}
 r - 2 potions of heal wounds {unknown}
 u - a potion of enlightenment {unknown}


   Skills:
 + Level 0.9 Fighting
 + Level 0.9 Short Blades
 + Level 0.9 Long Blades
 + Level 0.9 Axes
 + Level 0.9 Maces & Flails
 + Level 0.9 Polearms
 + Level 0.9 Staves
 + Level 0.9 Ranged Weapons
 + Level 0.9 Throwing
 + Level 0.9 Armour
 + Level 4.5 Dodging
 + Level 4.2 Stealth
 + Level 0.9 Shields
 + Level 0.9 Unarmed Combat
 + Level 7.1 Spellcasting
 + Level 2.1 Conjurations
 + Level 0.6 Hexes
 + Level 2.1 Summonings
 + Level 0.6 Necromancy
 + Level 2.1 Translocations
 + Level 0.6 Transmutations
 + Level 0.6 Fire Magic
 + Level 0.6 Ice Magic
 + Level 0.6 Air Magic
 + Level 0.6 Earth Magic
 + Level 0.6 Poison Magic
 + Level 1.0 Invocations
 + Level 0.9 Evocations
 + Level 0.6 Shapeshifting


You had 12 spell levels left.
You knew the following spells:

 Your Spells              Type           Power      Damage    Failure   Level
a - Magic Dart            Conj           44%        1d5       5%          1
b - Call Imp              Summ           22%        N/A       9%          2
c - Summon Small Mammal   Summ           44%        N/A       5%          1

Your spell library contained the following spells:

 Spells                   Type           Power      Damage    Failure   Level
 Apportation              Tloc           22%        N/A       5%          1
 Blink                    Tloc           22%        N/A       9%          2
 Necrotise                Necr           28%        1d5       10%         1
 Slow                     Hex            28%        N/A       10%         1
 Cigotuvi's Dreadful Rot  Necr/Pois/Air  14%        N/A       16%         2
 Mephitic Cloud           Conj/Pois/Air  8%         N/A       24%         3
 Inner Flame              Hex/Fire       7%         N/A       30%         3
 Flame Wave               Conj/Fire      9%         2d6       58%         4
 Sticky Flame             Conj/Fire      9%         2d3       58%         4


Dungeon Overview and Level Annotations

Branches:
Dungeon (3/15)

Altars:
Elyvilon
Xom

Shops:
D:2 *

Annotations:
D:3 Sigmund


Innate Abilities, Weirdness & Mutations

You have very sharp teeth.
Your uncanny sense of smell can sniff out nearby items.
Your experience applies equally to all skills.


Message History

Your cerulean imp dies!
Your cerulean imp disappears in a puff of smoke!
Casting: Call Imp (safe; 9% risk of failure)
Confirm with . or Enter, or press ? or * to list all spells.
A tiny devil pulls itself out of the air.
Sigmund mumbles some strange words.
Sigmund flickers and vanishes!
Deactivating autopickup; reactivate with Ctrl-A.
Found 3 gold pieces.
Found a stone staircase leading down.
Something hits you but does no damage. Something hits you!
You hear some strange, mumbled words.
A puff of flame appears from out of thin air!
The puff of flame hits your cerulean imp.
You hear some strange, mumbled words.
Your cerulean imp easily resists.
You hear some strange, mumbled words.
You are confused.
Are you sure you want to stumble around while confused and next to your cerulean imp?
Okay, then.
Something hits you.
Are you sure you want to stumble around while confused and next to your cerulean imp?
Okay, then.
Something hits you!
* * * LOW HITPOINT WARNING * * *
Are you sure you want to stumble around while confused and next to your cerulean imp?
Okay, then.
Okay, then.
Are you sure you want to stumble around while confused and next to your cerulean imp?
Okay, then.
There are no items here.
There are no items here.
You feel less confused.
You hear some strange, mumbled words.
You are confused.
Something hits you but does no damage. Something hits you.
* * * LOW HITPOINT WARNING * * *
Something hits you!
You die...

..[#.###.#.#+#.# ##......##.#
..)#+###...#.#.# #......##.#
......###....#.# #......##.####
.............#.# #.............
.##...##.####### ##.....###.####
.##...##.#.....####..##### #....#
.#.....#.#.....#.##.########....#
.#.....#.'..♣..#.5#.............#
.#.....###.....#@...##########..#
.#.#######.....#....# ######..#
.#.......#######.[>.# ###.......#
.##########.# #.....#∆........@##
8.....# #.# #...$.# ###......#
..###.# #.# #.....# ######.#
8.8##.# #.# #.....# #.#
...^..#####.# #####.. ..#
..8......##.# ...


You could see a friendly cerulean imp (summoned).

Vanquished Creatures
  An adder (D:3)
  A dart slug (D:1)
  2 endoplasms (D:1)
  A giant cockroach (D:1)
  3 hobgoblins (D:1)
  6 kobolds (D:1)
  2 quokkas
  4 ball pythons
  5 bats
  2 frilled lizards (D:1)
  2 goblins (D:1)
  6 rats
35 creatures vanquished.

Notes
Turn   | Place    | Note
-------+----------+-------------------------------------------
     0 | D:1      | horus123 the Gnoll Hedge Wizard began the quest for the
                  | Orb.
     0 | D:1      | Reached XP level 1. HP: 13/13 MP: 8/8
   241 | D:1      | Reached XP level 2. HP: 19/19 MP: 6/10
   643 | D:1      | Reached XP level 3. HP: 25/25 MP: 9/11
   704 | D:1      | Learned a level 2 spell: Call Imp
  1307 | D:2      | Learned a level 1 spell: Summon Small Mammal
  1520 | D:2      | Identified the +0 ring mail of Henotheism {rPois rF+ Dex-5}
  1575 | D:2      | Found Wisiumni's Assorted Antiques.
  1793 | D:3      | Found a shimmering altar of Xom.
  1817 | D:3      | Found a white marble altar of Elyvilon.
  1903 | D:3      | Found a faded altar of an unknown god.
  1940 | D:3      | Reached skill level 1 in Invocations
  2076 | D:3      | Noticed Sigmund
  2127 | D:3      | Slain by Sigmund

Illustrated notes

Levels and vault maps discovered:
D:1:      lightli_arrival_statuegarden, layout_loops_ring,
          minmay_indecisive_spiral
D:2:      layout_loops_ring, serial_shops, shop, columned_hall_lemuel,
          fountainhead
D:3:      layout_basic, lemuel_doored_altar, nicolae_elyvilon_peaceful_grove,
          cheibrodos_worm_habitat, ebering_ecumenical_altar_ruins,
          chequers_serial_rivers_micro_d, chequers_jeans,
          kennysheep_generic_room_13, uniq_sigmund

Skill      XL: |  1  2  3 |
---------------+----------+-----
Conjurations   | 2 |  2.1
Summonings     | 2 |  2.1
Translocations | 2 |  2.1
Invocations    | 1 |  1.0
Fighting       | |  0.9
Short Blades   | |  0.9
Long Blades    | |  0.9
Axes           | |  0.9
Maces & Flails | |  0.9
Polearms       | |  0.9
Staves         | |  0.9
Ranged Weapons | |  0.9
Throwing       | |  0.9
Armour         | |  0.9
Dodging        | |  4.5
Stealth        | |  4.2
Shields        | |  0.9
Unarmed Combat | |  0.9
Spellcasting   | |  7.1
Hexes          | |  0.6
Necromancy     | |  0.6
Transmutations | |  0.6
Fire Magic     | |  0.6
Ice Magic      | |  0.6
Air Magic      | |  0.6
Earth Magic    | |  0.6
Poison Magic   | |  0.6
Evocations     | |  0.9
Shapeshifting  | |  0.6

Action                     || total
---------------------------++-------
  Melee: Whip              ||    28
         Punch             ||     1
   Cast: Magic Dart        ||    61
         Call Imp          ||     3
 Armour: Robe              ||     7
  Dodge: Dodged            ||    22

Table legend: (Time is in decaauts)
 A = Elapsed time spent in this place.
 B = Non-inter-level travel time spent in this place.
 C = Inter-level travel time spent in this place.
 D = Time resting spent in this place.
 E = Time spent auto-exploring this place.
 F = Levels seen in this place.
 G = Mean time per level.
                   A        B        C        D        E       F      G
               +--------+--------+--------+--------+--------+-----+--------+
         Total |   2132 |   2092 |     40 |      0 |   1813 |   3 |  710.7 |
       Dungeon |   2132 |   2092 |     40 |      0 |   1813 |   3 |  710.7 |
               +--------+--------+--------+--------+--------+-----+--------+

Top non-repeatable levels by time:
     D:1: 1024 daAuts
     D:2: 754 daAuts
     D:3: 352 daAuts
